woodfighter, chaotic female orcish Barbarian -------------- ----- |.......(....| |...| |.......*....| |...| -----------.-- |...|## ####### |.(^|# # #-.<[.D ## ###-----# ----.----- # D |........-######### % |........| % |........| % |........| ##%# --......-- # *...`..| -------- woodfighter the Brigand Experience level: 12 Strength: 25 Dexterity: 18 Constitution: 17 Intelligence: 8 Wisdom: 7 Charisma: 7 Health: 0(98) Energy: 17(17) Def: 15 Gold: 712 Moves: 19891 Dungeon seed: 4De6cpElc9cPmfmu Game ID: woodfighter_1444733598 Your Inventory: Coins $ - 712 gold pieces Weapons a - the rustproof +1 Cleaver (weapon in hands) b - 10 +0 daggers (in quiver) Armor e - an uncursed +1 elven cloak (being worn) n - an uncursed +0 Hawaiian shirt (being worn) q - a blessed +4 dwarvish mithril-coat (being worn) r - an uncursed +0 pair of leather gloves z - an uncursed rusty +0 pair of gauntlets of power (being worn) U - a blessed +1 pair of iron shoes (being worn) Comestibles i - 5 uncursed food rations l - 2 uncursed tripe rations X - an uncursed lizard corpse Scrolls E - 2 uncursed scrolls of fire J - an uncursed scroll of enchant armor Rings C - an uncursed ring of fire resistance G - an uncursed ring of fire resistance K - a cursed ring of polymorph O - an uncursed ring of polymorph control named sokoban (on left hand) Wands o - a blessed wand of probing (0:2) p - a wand of striking (0:6) x - a wand of magic missile (0:3) F - a wand of sleep (0:3) H - a wand of digging (0:4) P - a wand of lightning (0:5) Q - a wand of fire (0:6) W - a wand of sleep (0:3) Tools j - a +0 unicorn horn s - an uncursed sack t - an uncursed skeleton key D - an uncursed towel I - an uncursed bugle L - a +0 pick-axe Gems y - an uncursed luckstone M - 3 uncursed worthless pieces of red glass N - an uncursed fluorite stone R - an uncursed garnet stone Y - an uncursed ruby Z - an uncursed touchstone Contents of the sack: 1460 gold pieces an uncursed +0 mummy wrapping an uncursed lizard corpse an uncursed scroll of genocide 3 uncursed scrolls of identify a +0 unicorn horn an uncursed topaz stone Spells and supernatural/magical abilities: Name Level Category Fail Memory W - pray for help -- divine ? -- Your skills at the end: Miscellaneous Skills bare handed combat [Basic] Weapon Skills axe [Master] short sword [Basic] Spellcasting Skills Final Attributes: You were piously aligned. You were fire resistant. You were cold resistant. You were sleep resistant. You were poison resistant. You were telepathic. You had infravision. You were invisible. You were stealthy. You had polymorph control. You were fast. You were very lucky. You had extra luck. Bad luck did not time out for you. Good luck did not time out for you. You are dead. Vanquished creatures: a red dragon 6 baby red dragons a clay golem a lurker above a lieutenant 2 queen bees 2 giant mimics an Elvenking a doppelganger 4 large mimics a wumpus a long worm 3 stalkers an air elemental an elf-lord 3 sergeants 7 wargs 2 small mimics a glass piercer a warhorse 4 xans an ettin mummy a quantum mechanic a troll a sasquatch 2 pyrolisks 2 freezing spheres a flaming sphere 2 shocking spheres a large cat 2 tigers a gargoyle 3 dwarf kings 3 tengu a gelatinous cube an ochre jelly 2 chameleons a crocodile a leocrotta an energy vortex 2 mountain centaurs a human mummy 2 red nagas 3 wraiths an ettin zombie 2 leather golems 2 Grey-elves 34 soldiers a succubus 3 giant beetles 4 cockatrices 8 wolves a winter wolf cub 2 panthers a gremlin 5 leprechauns 5 quivering blobs a spotted jelly 2 lizards an orc-captain a mumak 6 giant spiders 2 scorpions 2 iron piercers a black light 2 vampire bats 3 gnome kings 2 orc mummies 4 brown puddings a rust monster 2 owlbears 4 yetis 5 gold golems 2 werewolves a dingo 2 housecats a jaguar 3 dwarf lords 4 blue jellies a water nymph 3 white unicorns 2 ravens a plains centaur 4 snakes 5 apes 4 human zombies a rope golem 3 Woodland-elves 3 soldier ants 2 baby crocodiles a wood nymph 4 Uruk-hai 2 orc shamans 4 rock moles 4 rock piercers 2 ponies 4 fog clouds 5 yellow lights 2 shriekers 2 violet fungi 15 gnome lords 11 gnomish wizards 3 kobold mummies a black naga hatchling a gray ooze 3 elf zombies a ghoul 2 straw golems 5 paper golems 17 giant ants 3 little dogs 5 floating eyes 7 kittens 23 dwarves 2 kobold lords 4 kobold shamans 5 iguanas 13 rothes 3 rabid rats 4 centipedes 3 giant bats 2 monkeys 6 orc zombies 4 dwarf zombies 2 wererats 47 killer bees 2 coyotes 2 gas spores 5 hobbits 5 acid blobs 6 geckos a hobgoblin 7 giant rats 7 cave spiders a brown mold 6 green molds 4 red molds 60 gnomes 14 manes 2 gnome zombies 12 jackals a fox 3 kobolds 10 newts 4 sewer rats 14 grid bugs 3 bats 13 lichens 2 kobold zombies 637 creatures vanquished. Voluntary challenges: You had been an atheist until turn 2494. You used a wielded weapon 879 times, starting on turn 13. You read items or engraved 24 times, starting on turn 5229. You never genocided any monsters. You never polymorphed an object. You changed form 1 time, starting on turn 14745. You cheated 2 times but completed Sokoban on turn 13354. You used no wishes. You split 2 puddings, starting on turn 3815. You wrote Elbereth's name 4 times, starting on turn 5230. You never violated your personal moral code. Dungeon overview: The Dungeons of Doom: levels 1 to 20 Level 1 a fountain a long staircase Level 2 some fountains stairs to The Gnomish Mines Level 3 an altar to Set Level 4 Level 5 Level 6 some fountains Level 7 Level 8 a general store, a fountain Level 9 many fountains Level 10 a fountain stairs to Sokoban Level 11 (vault) Level 12 a temple to Set, a fountain Level 13 (big room) Level 14 (vault) some altars to Mitra and Crom, some fountains Level 15 some fountains portal to The Quest Level 16 some fountains Level 17 a temple to Set, a fountain Level 18 Level 19 Level 20 <- You were here The Gnomish Mines: levels 3 to 10 Level 3 stairs to The Dungeons of Doom Level 4 Level 5 many shops, a temple to Set, a magic chest, some fountains Level 6 Level 7 Level 8 Level 9 Level 10 a magic chest The Quest: Level 1 portal to The Dungeons of Doom Sokoban: levels 6 to 9 Level 6 a magic chest Level 7 Level 8 Level 9 a magic chest stairs to The Dungeons of Doom History has recorded: On T:1 you entered the Dungeons of Doom to retrieve the Amulet of Yendor! On T:12 you reached level 2 of The Dungeons of Doom. On T:344 you advanced to experience level 2. On T:356 you reached level 3 of The Dungeons of Doom. On T:413 you reached level 1 of The Gnomish Mines. On T:750 you advanced to experience level 3. On T:774 you advanced to experience level 4. On T:813 you reached level 2 of The Gnomish Mines. On T:1497 you advanced to experience level 5. On T:1798 you reached level 3 of The Gnomish Mines. On T:2357 you advanced to experience level 6. On T:2457 you entered the Minetown temple On T:2774 you opened a magic chest. On T:2774 you opened a magic chest. On T:2933 you opened a magic chest. On T:3065 you reached level 4 of The Gnomish Mines. On T:3166 you advanced to experience level 7. On T:3534 you reached level 5 of The Gnomish Mines. On T:3636 you opened a magic chest. On T:4355 you reached level 6 of The Gnomish Mines. On T:4423 you advanced to experience level 8. On T:4598 you reached level 7 of The Gnomish Mines. On T:5104 you reached level 8 of The Gnomish Mines. On T:5104 you reached the bottom of the Mines. On T:5695 you opened a magic chest. On T:5696 you opened a magic chest. On T:5698 you opened a magic chest. On T:5826 you advanced to experience level 9. On T:5908 you opened a magic chest. On T:6348 you opened a magic chest. On T:6602 you opened a magic chest. On T:6630 you opened a magic chest. On T:6635 you opened a magic chest. On T:6667 you opened a magic chest. On T:6732 you opened a magic chest. On T:6972 you reached level 4 of The Dungeons of Doom. On T:7433 you reached level 5 of The Dungeons of Doom. On T:7650 you reached level 6 of The Dungeons of Doom. On T:7979 you reached level 7 of The Dungeons of Doom. On T:8457 you reached level 8 of The Dungeons of Doom. On T:8952 you reached level 9 of The Dungeons of Doom. On T:9511 you reached level 10 of The Dungeons of Doom. On T:10277 you reached level 11 of The Dungeons of Doom. On T:10834 you advanced to experience level 10. On T:10901 you reached level 4 of Sokoban. On T:11022 you opened a magic chest. On T:11023 you opened a magic chest. On T:11026 you opened a magic chest. On T:11028 you opened a magic chest. On T:11035 you opened a magic chest. On T:11268 you reached level 3 of Sokoban. On T:11876 you reached level 2 of Sokoban. On T:12373 you reached level 1 of Sokoban. On T:13354 you entered the Sokoban zoo. On T:13436 you opened a magic chest. On T:13438 you opened a magic chest. On T:13581 you opened a magic chest. On T:13583 you opened a magic chest. On T:13585 you opened a magic chest. On T:13586 you opened a magic chest. On T:13587 you opened a magic chest. On T:13588 you opened a magic chest. On T:13593 you opened a magic chest. On T:13719 you opened a magic chest. On T:14179 you received Cleaver from Set. On T:14601 you opened a magic chest. On T:14602 you opened a magic chest. On T:14704 you reached level 12 of The Dungeons of Doom. On T:15327 you reached level 13 of The Dungeons of Doom. On T:15484 you advanced to experience level 11. On T:15498 you advanced to experience level 12. On T:15651 you reached level 14 of The Dungeons of Doom. On T:16861 you opened a magic chest. On T:16862 you opened a magic chest. On T:16872 you opened a magic chest. On T:17047 you reached level 15 of The Dungeons of Doom. On T:17494 you reached level 16 of The Dungeons of Doom. On T:17550 you reached level 1 of The Quest. On T:18286 you opened a magic chest. On T:18286 you opened a magic chest. On T:18287 you opened a magic chest. On T:18303 you opened a magic chest. On T:18772 you reached level 17 of The Dungeons of Doom. On T:19174 you reached level 18 of The Dungeons of Doom. On T:19438 you reached level 20 of The Dungeons of Doom. On T:19516 you reached level 19 of The Dungeons of Doom. Score breakdown: Gold: 2172 ( 217 points) Experience: 12 levels ( 1100 points) Exploration: 20 levels ( 570 points) Discoveries: 26 items ( 1300 points) Variety of kills: 149 monsters ( 2000 points) Major goal: Sokoban/Mines ( 1500 points) Survival: died (score multiplied by 3) Total score: 20061 Latest messages: You make an opening in the wall. You put 15 uncursed C-rations into the magic chest. You put 3 uncursed lumps of royal jelly into the magic chest. You put an uncursed fortune cookie into the magic chest. You put a cursed scroll of light into the magic chest. You put 2 uncursed scrolls labeled ZELGO MER into the magic chest. You put a cursed scroll labeled READ ME into the magic chest. You put 2 uncursed scrolls of identify into the magic chest. You put an uncursed mottled spellbook into the magic chest. You put an uncursed potion of oil into the magic chest. You put a clear potion into the magic chest. You put an uncursed bubbly potion into the magic chest. You put an uncursed potion of gain level into the magic chest. You put a cursed puce potion into the magic chest. You put a cursed clear potion into the magic chest. You put a blessed murky potion into the magic chest. You put an uncursed effervescent potion into the magic chest. You put a cursed black potion into the magic chest. Your movements are now unencumbered. You swing your battle-axe named Cleaver in a tremendous arc. You smite the red dragon! The red dragon bites! The red dragon hits! You die... Final status: Goodbye woodfighter the Barbarian, killed by a red dragon... You died in The Dungeons of Doom on dungeon level 20 with 20061 points, and 2172 pieces of gold, after 19891 moves. You were level 12 with a maximum of 98 hit points when you died.